 Dungeon Crawl Stone Soup version 0.31-a0-1469-gd420192249 (webtiles) character file.

Game seed: 13951861579154630163

186 IdlyInterested the Changeling (level 5, -14/38 HPs)
             Began as a Demonspawn Shapeshifter on Dec 28, 2023.
             Demolished by a gnoll
             ... wielding a +1 halberd of electrocution
              (17 damage)
             ... on level 3 of the Dungeon.
             The game lasted 00:06:20 (2751 turns).

IdlyInterested the Changeling (DsSh)                Turns: 2751, Time: 00:06:21

Health: -14/38     AC: 10    Str: 14    XL:     5   Next: 38%
Magic:  5/5        EV:  7    Int: 10    God:
Gold:   102        SH:  0    Dex: 15    Spells: 4/4 levels left

rFire   . .          .
                       - Unarmed
rCold   . . .        (no shield)
rNeg    . . .        e - +0 chain mail
rPois   .            i - melded +1 hat
rElec   .            (cloak currently unavailable)
rCorr   .            (gloves currently unavailable)
SInv    +            (boots currently unavailable)
Will    .....        (no amulet) Stlth
                     h - ring of see invisible
HPRegen 0.26/turn    (no ring)
MPRegen 0.09/turn

%: no passive effects
@: lethally poisoned (-14 -> -19), beast-form
A: beast (slay +2), thin metallic scales 1
a: Begin Untransformation


You were on level 3 of the Dungeon.
You were a hulking beast.
You visited 1 branch of the dungeon, and saw 3 of its levels.

You collected 102 gold pieces.

Inventory:

Hand Weapons
 b - a +0 falchion
 f - a +0 short sword
 m - a +0 war axe
 p - a +0 spear
 y - a +0 flail
Missiles
 a - 42 stones (quivered)
Armour
 e - a +0 chain mail (worn)
 i - a +1 hat (melded)
 q - a +0 scale mail
 x - an orb of energy
Magical Staves
 w - a staff of death
Jewellery
 h - a ring of see invisible (left hand)
Talismans
 c - a beast talisman (active)
 d - a flux talisman
Scrolls
 g - a scroll of immolation
 n - 2 scrolls of poison
 o - a scroll of enchant weapon
 s - a scroll of revelation
 t - a scroll of enchant armour
Potions
 j - a potion of heal wounds {unknown}
 k - a potion of haste {unknown}
 l - a potion of brilliance {unknown}
 r - a potion of curing
 u - a potion of berserk rage {unknown}


   Skills:
 + Level 1.6 Fighting
 - Level 3.0 Dodging
 - Level 2.6 Unarmed Combat
 * Level 4.5 Shapeshifting


You had 4 spell levels left.
You didn't know any spells.
Your spell library contained the following spells:

 Spells                   Type           Power      Damage    Failure   Level
 Call Canine Familiar     Summ           0%         N/A       100%        3
 Sigil of Binding         Hex            0%         N/A       100%        3
 Dimensional Bullseye     Hex/Tloc       0%         N/A       100%        4


Dungeon Overview and Level Annotations

Branches:
Dungeon (3/15)

Altars:

Annotations:
D:3 1 transporter


Innate Abilities, Weirdness & Mutations

You are a hulking beast.
Your limbs bulge with bestial killing power. (Slay +2)
You are partially covered in thin metallic scales. (AC +2)


Message History

The hobgoblin barely misses you.
You hit the hobgoblin.
You kill the hobgoblin!
You see here a hobgoblin corpse.
Found a flail.
There is a stone staircase leading down here.
You see here a +0 flail.
y - a +0 flail You drop a +0 whip.
You see here a +0 dagger.
Found a stone staircase leading up.
You see here a +0 dagger.
Partly explored, unvisited transporter.
Partly explored, unvisited transporter.
The gnoll shouts!
You hear a shout! x5
There is a transporter here.
Okay, then.
You enter the transporter and appear at another place.
The gnoll hits you with a +0 club.
It was a potion of curing.
You feel better. The gnoll hits you with a +0 club.
The gnoll throws a throwing net.
The throwing net barely misses you.
The gnoll hits you with a +1 halberd of venom!
You are poisoned.
You hit the gnoll.
The gnoll is lightly wounded.
You feel very sick. The gnoll barely misses you.
The gnoll hits you from afar with a +1 halberd of electrocution.
The gnoll closely misses you.
You barely miss the gnoll.
The gnoll is lightly wounded.
You feel sick. The gnoll hits you with a +0 club. The gnoll barely misses you.
The gnoll closely misses you.
You barely miss the gnoll. Your punch misses the gnoll.
The gnoll is lightly wounded.
You feel sick. The gnoll hits you but does no damage.
The gnoll hits you from afar with a +1 halberd of electrocution!
* * * LOW HITPOINT WARNING * * *
You are electrocuted!
You die...

#.†≈≈≈≈≈≈≈≈≈≈≈≈~≈≈≈≈≈≈≈≈≈≈≈≈.# #
#.)≈≈≈≈≈≈≈≈≈≈≈≈~≈≈≈≈≈≈≈≈≈≈≈≈.###
#..≈≈#####...........#####≈≈..##
#..≈≈#g.g#.###.©.###.#...#≈≈....
#..≈≈#...###g#####.###...#≈≈.###
#..≈≈###.......(.......###≈≈.# #
#..≈≈.8#.######'###'##.#8.≈≈.###
#..≈≈.##.# #8..#...#.##.≈≈....
#..~~.#g.+ #ghg....'..#.~~.###
#..≈≈.##.# #8..#...#.##.≈≈....
#..≈≈.8#.######g###'##.#8.≈≈.#.#
#..≈≈###......gg.......###≈≈.#.#
#..≈≈#...###.#####.###...#≈≈.#.#
#..≈≈#...#.###.©.###.#...#≈≈.#.#
#..≈≈#####...........#####≈≈...#
#..≈≈≈≈≈≈≈≈≈≈≈...≈≈≈≈≈≈≈≈≈≈≈..##
#..≈≈≈≈≈≈≈≈≈≈≈...≈≈≈≈≈≈≈≈≈≈≈.##


You could see 5 gnolls.

Vanquished Creatures
  A bombardier beetle (D:3)
  Jessica (D:3)
  Natasha (D:3)
  Terence (D:2)
  2 adders (D:2)
  A dart slug (D:2)
  8 ball pythons
  6 endoplasms
  A giant cockroach (D:1)
  6 goblins
  7 hobgoblins
  7 jackals (D:3)
  4 bats
  4 frilled lizards
  4 kobolds
  6 rats
60 creatures vanquished.

Notes
Turn   | Place    | Note
-------+----------+-------------------------------------------
     0 | D:1      | IdlyInterested the Demonspawn Shapeshifter began the quest
                  | for the Orb.
     0 | D:1      | Reached XP level 1. HP: 15/15 MP: 1/1
   195 | D:1      | Reached skill level 3 in Shapeshifting
   251 | D:1      | Gained mutation: You are partially covered in thin metallic
                  | scales. (AC +2) [demonic ancestry]
   251 | D:1      | Reached XP level 2. HP: 21/21 MP: 2/2
   733 | D:2      | Reached XP level 3. HP: 11/26 MP: 3/3
   817 | D:2      | Noticed Terence
   834 | D:2      | Killed Terence
  1119 | D:2      | Reached XP level 4. HP: 27/32 MP: 4/4
  1852 | D:3      | Noticed Jessica
  1857 | D:3      | Killed Jessica
  1858 | D:3      | Reached skill level 4 in Shapeshifting
  2039 | D:3      | Found a transporter.
  2093 | D:3      | Reached XP level 5. HP: 21/37 MP: 5/5
  2163 | D:3      | Found a faded altar of an unknown god.
  2248 | D:3      | Found a transporter.
  2332 | D:3      | Noticed Natasha
  2341 | D:3      | Killed Natasha
  2751 | D:3      | Demolished by a gnoll

Illustrated notes

Levels and vault maps discovered:
D:1:      wander_arrival_peaceful_grave, layout_basic
D:2:      wander_river, layout_basic, uniq_terence
D:3:      layout_loops_ring, hellmonk_ecumenical_altar_dog_temple,
          gammafunk_ghost_gnarly_gnolls, uniq_natasha, uniq_jessica

Skill      XL: |  1  2  3  4 |
---------------+-------------+-----
Dodging        | 2 3 |  3.0
Shapeshifting  | 3 4 |  4.5
Fighting       | |  1.6
Unarmed Combat | |  2.6

Action                     |  1- 3 |  4- 6 || total
---------------------------+-------+-------++-------
  Melee: Unarmed           |   104 |    80 ||   184
         Punch             |     3 |     3 ||     6
    Use: Potion            |     1 |     1 ||     2
         Scroll            |       |     5 ||     5
 Armour: Chain mail        |    76 |    60 ||   136
         Skin              |     4 |       ||     4
  Dodge: Dodged            |    30 |    29 ||    59
   Form: Beast             |     1 |       ||     1
         Flux              |     1 |       ||     1

Table legend: (Time is in decaauts)
 A = Elapsed time spent in this place.
 B = Non-inter-level travel time spent in this place.
 C = Inter-level travel time spent in this place.
 D = Time resting spent in this place.
 E = Time spent auto-exploring this place.
 F = Levels seen in this place.
 G = Mean time per level.
                   A        B        C        D        E       F      G
               +--------+--------+--------+--------+--------+-----+--------+
         Total |   2757 |   2585 |    172 |    523 |   1543 |   3 |  919.0 |
       Dungeon |   2757 |   2585 |    172 |    523 |   1543 |   3 |  919.0 |
               +--------+--------+--------+--------+--------+-----+--------+

Top non-repeatable levels by time:
     D:2: 1135 daAuts
     D:3: 921 daAuts
     D:1: 700 daAuts
